 Dungeon Crawl Stone Soup version 0.24.0-13-gcf9b3192b9 (webtiles) character file.

Game seed: 4001265065393382003, levelgen mode: deterministic

100 Katsumi the Changer (level 4, -9/21 HPs)
             Began as a Felid Transmuter on Nov 9, 2019.
             Killed by divine providence
             ... invoked by an orc priest
              (11 damage)
             ... on level 3 of the Dungeon.
             The game lasted 00:04:32 (3739 turns).

Katsumi the Changer (Felid Transmuter)              Turns: 3739, Time: 00:04:32

Health: -9/21      AC:  1    Str:  6    XL:     4   Next: 46%
Magic:  8/8        EV: 18    Int: 15    God:
Gold:   117        SH:  0    Dex: 17    Spells: 0/7 levels left
                                        Lives:  0   Deaths: 1

rFire    . . .     SeeInvis +     - Unarmed
rCold    . . .     Gourm    .   (shield unavailable)
rNeg     . . .     Faith    .   (armour unavailable)
rPois    .         Spirit   .   (helmet unavailable)
rElec    .         Reflect  .   (cloak unavailable)
rCorr    .         Harm     .   (gloves unavailable)
MR       .....                  (boots unavailable)
Stlth    ++........             (no amulet)
HPRegen  0.07/turn              (no ring)
MPRegen  0.11/turn              (no ring)

@: quick
A: very small, no armour, no weapons or thrown items, stealth, claws 1, fangs 3,
see invisible, carnivore, speed 1, shaggy fur 1, slow metabolism 1, sharp paws
a: no special abilities


You were on level 3 of the Dungeon.
You were not hungry.

You visited 1 branch of the dungeon, and saw 3 of its levels.

You collected 117 gold pieces.

Inventory:

Missiles
 a - 29 arrows
Scrolls
 b - 3 scrolls of identify {unknown}
 d - 3 scrolls of random uselessness {unknown}
 e - 2 scrolls of immolation {unknown}
 f - a scroll of enchant weapon {unknown}
 i - a scroll of magic mapping {unknown}
 k - a scroll of teleportation {unknown}
Potions
 g - a potion of mutation {unknown}
 h - a potion of haste {unknown}
Comestibles
 c - 4 rations


   Skills:
 - Level 3.0 Fighting
 - Level 2.6 Dodging
 - Level 3.0 Unarmed Combat
 - Level 2.0 Spellcasting
 + Level 5.4 Transmutations


You couldn't memorise any spells.
You knew the following spells:

 Your Spells              Type           Power        Failure   Level  Hunger
a - Beastly Appendage     Tmut           ###...       2%          1    #......
b - Sticks to Snakes      Tmut           ###.....     3%          2    ###....
c - Blade Hands           Tmut           ###.......   54%         5    ######.

Your spell library contained the following spells:

 Spells                   Type           Power        Failure   Level  Hunger
 Spider Form              Tmut/Pois      #.........   22%         3    ###....
 Ice Form                 Ice/Tmut       #.......     58%         4    #####..


Dungeon Overview and Level Annotations

Branches:
Dungeon (3/15)

Altars:
Elyvilon


Innate Abilities, Weirdness & Mutations

You cannot wear armour.
You are incapable of wielding weapons or throwing items.
Your paws allow you to move quietly. (Stealth)
You have sharp claws.
You have razor-sharp teeth.
You have supernaturally acute eyesight. (SInv)
You are carnivorous and can eat meat at any time.
You cover ground quickly.
You are covered in fur. (AC +1)
You have a slow metabolism.
Your sharp claws are effective at attacking unaware monsters.


Message History

The orc hits you with a +0 dagger. The orc hits you with a +0 dagger.
The orc closely misses you. The orc hits you with a +0 dagger.
The orc barely misses you. The orc closely misses you.
The orc closely misses you. The orc misses you.
The orc hits you with a +0 dagger.
* * * LOW HITPOINT WARNING * * *
The orc closely misses you. The orc barely misses you.
The orc priest shouts!
The orc closely misses you. The orc hits you with a +0 dagger.
* * * LOW HITPOINT WARNING * * *
The orc priest calls down the wrath of Beogh upon you.
Beogh smites you!
Ouch! That really hurt!
You die...

# #.# #.# .# #
###.####.# #.#.#
#....[...######.#.#
#.....#.....(.....#
.........######.#.#
.........######.#.#
..................####
#.)......#...........#
#........#.####.@.##.#
#.#.###.##)# ###o# .#
..#.# #.##.# #.##.##
###.# #.##.# #>#...##
#.# #.##.#
####......## ###.#
#.##.# #..))o.......
....# #.##.#
#.#).....%#.. .####
#.##.# # #o.#...#...
.# #.##.# #..##.#....


You could see an orc priest and an orc.

Vanquished Creatures
  An orc wizard (D:3)
  6 gnolls (D:2)
  3 adders
  An ooze (D:1)
  A worm (D:2)
  A dart slug (D:1)
  4 leopard geckos
  5 orcs (D:3)
  3 bats (D:1)
  A giant cockroach (D:1)
  10 goblins
  11 hobgoblins
  3 jackals
  9 kobolds
  5 frilled lizards
  7 rats
71 creatures vanquished.

Vanquished Creatures (collateral kills)
  A gnoll (D:2)
  A hobgoblin (D:2)
  A jackal (D:2)
3 creatures vanquished.

Grand Total: 74 creatures vanquished

Notes
Turn   | Place    | Note
-------+----------+-------------------------------------------
     0 | D:1      | Katsumi the Felid Transmuter began the quest for the Orb.
     0 | D:1      | Reached XP level 1. HP: 9/9 MP: 4/4
    92 | D:1      | Reached XP level 2. HP: 13/13 MP: 4/6
   420 | D:1      | Learned a level 2 spell: Sticks to Snakes
  1138 | D:1      | Reached XP level 3. HP: 12/17 MP: 5/7
  1832 | D:1      | Reached skill level 3 in Transmutations
  2454 | D:2      | Reached XP level 4. HP: 21/21 MP: 6/8
  2464 | D:2      | Reached skill level 4 in Transmutations
  2642 | D:2      | Found a white marble altar of Elyvilon.
  3069 | D:2      | Reached XP level 5. HP: 14/24 MP: 7/9
  3157 | D:2      | Learned a level 5 spell: Blade Hands
  3274 | D:3      | Reached skill level 5 in Transmutations
  3688 | D:3      | Hit by a boomerang thrown by an orc
  3689 | D:3      | Reached XP level 4. HP: -2/21 MP: 4/8
  3739 | D:3      | Killed from afar by an orc priest

Levels and vault maps discovered:
D:1:      tarquinn_simple_flora_water_a, layout_basic, minmay_three_crescents
D:2:      layout_basic, elyvilon_altar_3
D:3:      layout_loops_ring, dk_noncrumbling_3, uniq_robin

Skill      XL: |  1  2  3  4  5 |
---------------+----------------+-----
Fighting       | 2 3 |  3.0
Transmutations | 3 4 5 |  5.4
Dodging        | |  2.6
Unarmed Combat | |  3.0
Spellcasting   | |  2.0

Action                   |  1- 3 |  4- 6 || total
-------------------------+-------+-------++-------
Melee: Unarmed           |   159 |    98 ||   257
       Headbutt          |    25 |    12 ||    37
       Punch             |     1 |       ||     1
       Bite              |     3 |     9 ||    12
 Cast: Beastly Appendage |    42 |    17 ||    59
       Sticks to Snakes  |       |     5 ||     5
 Stab: Sleeping          |     2 |     1 ||     3
  Eat: Chunk             |    10 |     5 ||    15
Armor: Skin              |     8 |     4 ||    12
Dodge: Dodged            |   143 |    75 ||   218
